 Dungeon Crawl Stone Soup version 0.18-a0-1497-g788d838 (webtiles) character file.

765 milladamen the Skirmisher (level 7, -4/62 HPs)
             Began as a Hill Orc Fighter on Mar 4, 2016.
             Was an Initiate of Beogh.
             Slain by an orc warrior
             ... wielding a +0 war axe
             ... created by the fury of Okawaru
              (11 damage)
             ... on level 5 of the Dungeon.
             The game lasted 00:31:24 (3566 turns).

milladamen the Skirmisher (Hill Orc Fighter)        Turns: 3566, Time: 00:31:24

Health: -4/62      AC: 13    Str: 21    XL:     7   Next: 81%
Magic:  7/7        EV:  5    Int:  8    God:    Beogh [......]
Gold:   81         SH: 10    Dex: 14    Spells: 0 memorised, 6 levels left

rFire  . . .     SeeInvis .     a - +0 trident
rCold  . . .     Gourm    .     i - +0 chain mail
rNeg   . . .     Faith    .     c - +0 shield
rPois  .         Spirit   .     z - +0 helmet
rElec  .         Dismiss  .     (no cloak)
rCorr  .         Reflect  .     (no gloves)
SustAt .         Harm     .     j - +0 pair of boots
MR     .....                    (no amulet)
Stlth  ..........               (no ring)
                                o - +4 ring of dexterity

@: not resistant to hostile enchantments, extremely unstealthy
A: no striking features
a: Renounce Religion


You were on level 5 of the Dungeon.
You worshipped Beogh.
Beogh was noncommittal.
You were not hungry.

You visited 2 branches of the dungeon, and saw 6 of its levels.

You collected 153 gold pieces.
You spent 72 gold pieces at shops.

Inventory:

Hand Weapons
 a - a +0 trident (weapon)
 g - a +2 hunting sling of evasion
 r - a +0 halberd
Missiles
 n - 160 stones (quivered)
 s - 5 sling bullets
 w - 5 sling bullets of frost
Armour
 b - a +0 scale mail
 c - a +0 shield (worn)
 i - a +0 chain mail (worn)
 j - a +0 pair of boots (worn)
 z - a +0 helmet (worn)
Jewellery
 o - a +4 ring of dexterity (left hand)
Wands
 h - a wand of flame (40/48)
Scrolls
 e - a scroll of remove curse
 l - a scroll of fog
 m - 2 scrolls of enchant weapon
 q - a scroll of recharging
 x - 2 scrolls of identify
Potions
 d - a potion of might
 k - 2 potions of curing
 p - a potion of flight
 u - a potion of berserk rage
 v - a potion of lignification
Comestibles
 f - 3 bread rations
 t - a meat ration


   Skills:
 * Level 5.8 Fighting
 * Level 4.5 Polearms
 + Level 3.5 Slings
 * Level 5.6 Armour
 - Level 0.2 Dodging
 + Level 4.3 Shields


You had 6 spell levels left.
You didn't know any spells.

Dungeon Overview and Level Annotations

Branches:
Dungeon (5/15)             Temple (1/1) D:4

Altars:
Ashenzari
Cheibriados
Dithmenos
Gozag
Kikubaaqudgha
Makhleb
Nemelex Xobeh
Okawaru
Pakellas
Ru
Sif Muna
Trog
Vehumet
Xom
Yredelemnul
Zin
The Shining One

Shops:
D:4 ?


Message History

You block the quokka's attack.
You hit the orc warrior.
The orc warrior is lightly wounded.
The orc warrior hits you with a war axe.
You block the quokka's attack.
The orc priest casts a cantrip, but nothing happens.
You hit the orc warrior but do no damage.
The orc warrior is lightly wounded.
The orc warrior hits you with a war axe!
* * * LOW HITPOINT WARNING * * *
The quokka bites you but does no damage.
The orc priest casts a cantrip, but nothing happens.
You hit the orc warrior but do no damage.
The orc warrior is lightly wounded.
You block the quokka's attack. The orc warrior closely misses you.
You block the quokka's attack.
You hit the orc warrior but do no damage.
The orc warrior is lightly wounded.
The orc warrior hits you with a war axe!
You die...

#. ###. #...
.##.#.###
........#
#......o#####
.......or@oC#
#......o###o#
........# #
###.##### #


You could see a cyclops, an orc warrior, an orc wizard, 3 orcs and a quokka.

Vanquished Creatures
  Sigmund (D:4)
  Edmund (D:4)
  A hound (D:4)
  5 orc wizards
  Natasha (twice) (D:4)
  3 worker ants (D:4)
  A hound skeleton (D:4)
  Robin (D:4)
  2 adders
  4 gnolls (D:2)
  2 oozes
  2 worms
  2 dart slugs (D:1)
  3 giant geckos
  10 orcs
  6 bats
  3 bat zombies (D:4)
  5 giant cockroaches
  14 goblins
  6 hobgoblins
  7 jackals (D:3)
  6 kobolds
  2 quokkas (D:4)
  2 ball pythons
  4 giant newts
  7 rats
  A rat zombie (D:4)
103 creatures vanquished.

Vanquished Creatures (others)
  An orc (D:4)
1 creature vanquished.

Grand Total: 104 creatures vanquished

Notes
Turn   | Place    | Note
--------------------------------------------------------------
     0 | D:1      | milladamen the Hill Orc Fighter began the quest for the Orb.
     0 | D:1      | Reached XP level 1. HP: 19/19 MP: 1/1
    89 | D:1      | Reached XP level 2. HP: 24/27 MP: 2/2
   374 | D:1      | Reached XP level 3. HP: 33/33 MP: 3/3
  1033 | D:2      | Found a sparkling altar of Nemelex Xobeh.
  1137 | D:2      | Reached XP level 4. HP: 35/40 MP: 4/4
  1283 | D:2      | Found a shimmering altar of Xom.
  1287 | D:2      | Found a glowing golden altar of the Shining One.
  1308 | D:2      | Found a glowing silver altar of Zin.
  1778 | D:3      | Reached skill level 1 in Slings
  1778 | D:3      | Reached XP level 5. HP: 47/47 MP: 5/5
  2201 | D:3      | Reached XP level 6. HP: 53/53 MP: 6/6
  2463 | D:4      | Noticed Edmund
  2486 | D:4      | Killed Edmund
  2486 | D:4      | Reached skill level 5 in Fighting
  2534 | D:4      | Found a staircase to the Ecumenical Temple.
  2553 | Temple   | Entered the Ecumenical Temple
  2671 | Temple   | Became a worshipper of Warmaster Okawaru
  2745 | D:4      | Reached XP level 7. HP: 38/61 MP: 7/7
  2785 | D:4      | Noticed Sigmund
  2806 | D:4      | Killed Sigmund
  2806 | D:4      | Reached skill level 5 in Armour
  2899 | D:4      | Noticed Natasha
  2911 | D:4      | Killed Natasha
  3009 | D:4      | Found an ancient bone altar of Kikubaaqudgha.
  3091 | D:4      | Noticed Robin
  3105 | D:4      | Killed Robin
  3237 | D:4      | Found Qinla's Magic Scroll Shop.
  3241 | D:4      | Bought a scroll of identify for 24 gold pieces
  3241 | D:4      | Bought a scroll of identify for 24 gold pieces
  3241 | D:4      | Bought a scroll of identify for 24 gold pieces
  3309 | D:4      | Fell from the grace of Okawaru
  3309 | D:4      | Became a worshipper of Beogh the Brigand
  3444 | D:4      | Noticed Natasha
  3451 | D:4      | Killed Natasha
  3537 | D:5      | Entered Level 5 of the Dungeon
  3556 | D:5      | Noticed a cyclops
  3566 | D:5      | Slain by an orc warrior

Vault maps used:
D:1:      zaba_arrival_water, minmay_strange_pillars, serial_bayou_crossing
D:2:      nicolae_overflow_hidden_temple, old_standard_altar,
          nemelex_xobeh_ov_fountains_minmay, grunt_decor_one_mirror
D:3:      first_bread, serial_glass, glass_columns_c, glass_columns_c,
          kennysheep_generic_room_13
D:4:      lemuel_zombie_altar_kikubaaqudgha, temple_fountains, serial_shops,
          shop, uniq_natasha, uniq_robin, uniq_sigmund, uniq_edmund
D:5:      fedhas_altar_4, lemuel_doored_altar
Temple:   circular_temple_12

Skill      XL: |  1  2  3  4  5  6  7 |
---------------+----------------------+-----
Fighting       | 4 5 |  5.8
Armour         | 4 5 |  5.6
Polearms       | 3 4 |  4.5
Slings         | 1 2 3 |  3.5
Shields        | 4 |  4.3
Dodging        | |  0.2

Action                   |  1- 3 |  4- 6 |  7- 9 || total
-------------------------+-------+-------+-------++-------
Melee: Trident           |    85 |    27 |   123 ||   235
 Fire: Hunting sling     |    21 |   170 |       ||   191
Invok: Convert to Beogh  |       |       |     1 ||     1
  Use: Scroll            |       |     9 |     5 ||    14
  Eat: Chunk             |       |     3 |       ||     3
       Beef jerky        |       |     1 |       ||     1
       Fruit             |       |       |     4 ||     4
       Pizza             |       |       |     2 ||     2
